 Dungeon Crawl Stone Soup version 0.21.1-1-g345015f (webtiles) character file.

154 MajorAdolf the Magician (level 5, -6/28 HPs)
             Began as a Deep Elf Wizard on Apr 3, 2018.
             Killed by nerve-wracking pain
             ... invoked by a shadow imp
             ... summoned by Natasha
              (9 damage)
             ... on level 3 of the Dungeon.
             The game lasted 00:13:39 (3346 turns).

MajorAdolf the Magician (Deep Elf Wizard)           Turns: 3346, Time: 00:13:40

Health: -6/28      AC:  2    Str:  4    XL:     5   Next: 13%
Magic:  15/16      EV: 13    Int: 24    God:
Gold:   115        SH:  0    Dex: 13    Spells: 7/18 levels left

rFire    + . .     SeeInvis .   (no weapon)
rCold    x . .     Gourm    .   (no shield)
rNeg     . . .     Faith    .   a - +0 robe
rPois    .         Spirit   .   b - +0 hat
rElec    .         Reflect  .   (no cloak)
rCorr    .         Harm     .   (no gloves)
MR       .....                  (no boots)
Stlth    ++........             (no amulet)
HPRegen  0.09/turn              k - ring of fire
MPRegen  0.15/turn              (no ring)

@: slowed, very slow
A: no striking features
a: no special abilities


You were on level 3 of the Dungeon.
You were not hungry.

You visited 1 branch of the dungeon, and saw 4 of its levels.
You also visited: Sewer.

You collected 115 gold pieces.

Inventory:

Armour
 a - a +0 robe (worn)
 b - a +0 hat (worn)
Jewellery
 k - a ring of fire (left hand)
Scrolls
 f - 3 scrolls of remove curse
 j - 2 scrolls of enchant weapon {unknown}
 m - 2 scrolls of fog {unknown}
 o - a scroll of fear {unknown}
Potions
 e - 4 potions of curing
 h - a potion of resistance {unknown}
 i - a potion of might {unknown}
 l - a potion of cancellation {unknown}
 p - a potion of heal wounds {unknown}
 q - 2 potions of brilliance {unknown}
Books
 c - a book of Minor Magic

   Spells                             Type                      Level
   a - Magic Dart                     Conjuration                  1
   b - Blink                          Translocation                2
   c - Call Imp                       Summoning                    2
   d - Slow                           Hexes                        2
   e - Conjure Flame                  Conjuration/Fire             3
   f - Mephitic Cloud                 Conjuration/Poison/Air       3
Comestibles
 d - 4 rations
 g - 3 chunks of flesh


   Skills:
 - Level 2.4 Dodging
 + Level 2.6 Stealth
 + Level 7.1 Spellcasting
 + Level 2.8 Conjurations
 + Level 1.1 Summonings
 + Level 1.1 Translocations
 + Level 0.0 Air Magic
 + Level 0.1 Poison Magic


You had 7 spell levels left.
You knew the following spells:

 Your Spells              Type           Power        Failure   Level  Hunger
a - Magic Dart            Conj           ###.         2%          1    None
b - Call Imp              Summ           ##......     7%          2    None
c - Blink                 Tloc           N/A          7%          2    None
d - Mephitic Cloud        Conj/Pois/Air  ##......     14%         3    None
e - Conjure Flame         Conj/Fire      ###.....     12%         3    None


Dungeon Overview and Level Annotations

Branches:
Dungeon (4/15)
 Temple: D:4-7

Altars:
Fedhas

Annotations:
D:3 Natasha
D:4 Sigmund


Message History

Unknown command.
Natasha casts a spell at you.
You feel yourself slow down.
You hear a shout!
The shadow imp barely misses you.
Natasha mumbles some strange words.
Natasha's front paws start to glow.
The shadow imp sputters.
The shadow imp gestures at you. Pain shoots through your body!
The shadow imp gestures at you. Pain shoots through your body!
* * * LOW HITPOINT WARNING * * *
The crimson imp blinks!
Natasha mewls in sadness.
The crimson imp disappears in a puff of smoke!
The shadow imp completely misses you. The shadow imp gestures at you.
Pain shoots through your body!
You die...

,,.................'...,,,,,,+,,,
,,.##########...####..,,,,,,,****
,*,** #..## **,,,,,,,**,,, **,,*
#.## **,,,,,***,** **,* ##.#####
**,,,** *,* *** #.5....# *****
*** #...h#.# #.##5#.## ##♣♣
********##....@..# ##..♣♣♣♣♣♣
**,+,,,....§.#.#..###........♣♣♣
**,,,,,,####......).....♣♣♣♣♣...♣
*,,,,,,** ##.#......##♣♣ ♣♣._.
,*,,+,** #.###).#.### ♣♣♣.
******* #,* #..#...# ♣♣
#.###..##### #......# ***
#####.######.#


You could see Natasha, a white imp and a shadow imp.

Vanquished Creatures
  An orc wizard (D:3)
  An adder (D:2)
  2 dart slugs
  5 leopard geckos
  An orc (D:3)
  5 giant cockroaches
  8 goblins
  12 hobgoblins
  A jackal (D:2)
  9 kobolds
  3 quokkas
  2 ball pythons
  9 bats
  5 frilled lizards
  3 rats
67 creatures vanquished.

Vanquished Creatures (collateral kills)
  4 adders
  2 worms
  2 leopard geckos
  2 orcs (D:3)
  A bat (D:1)
  A hobgoblin (D:2)
  A jackal (D:2)
  A frilled lizard (Sewer)
14 creatures vanquished.

Grand Total: 81 creatures vanquished

Notes
Turn   | Place    | Note
-------+----------+-------------------------------------------
     0 | D:1      | MajorAdolf the Deep Elf Wizard began the quest for the Orb.
     0 | D:1      | Reached XP level 1. HP: 10/10 MP: 7/7
   146 | D:1      | Reached XP level 2. HP: 9/15 MP: 0/9
   249 | D:1      | Reached skill level 5 in Spellcasting
   320 | D:1      | Learned a level 2 spell: Call Imp
   323 | D:1      | Learned a level 2 spell: Blink
   517 | D:1      | Reached XP level 3. HP: 19/19 MP: 0/12
  1069 | D:2      | Reached skill level 6 in Spellcasting
  1451 | D:2      | Reached XP level 4. HP: 24/24 MP: 11/14
  1504 | D:2      | Learned a level 3 spell: Mephitic Cloud
  1510 | D:2      | Learned a level 3 spell: Conjure Flame
  2290 | D:3      | Found a glowing drain.
  2321 | Sewer    | Entered a sewer
  2387 | Sewer    | Noticed Purgy
  2943 | D:4      | Noticed Sigmund
  3143 | D:3      | Reached skill level 7 in Spellcasting
  3143 | D:3      | Reached XP level 5. HP: 25/28 MP: 0/16
  3291 | D:3      | Found a blossoming altar of Fedhas.
  3332 | D:3      | Noticed Natasha
  3346 | D:3      | Killed from afar by a shadow imp

Skill      XL: |  1  2  3  4 |
---------------+-------------+-----
Spellcasting   | 5 6 7 |  7.1
Conjurations   | 2 |  2.8
Dodging        | |  2.4
Stealth        | |  2.6
Summonings     | |  1.1
Translocations | |  1.1
Poison Magic   | |  0.1

Action                   |  1- 3 |  4- 6 || total
-------------------------+-------+-------++-------
Melee: Unarmed           |     4 |    12 ||    16
 Cast: Magic Dart        |   105 |    74 ||   179
       Call Imp          |     4 |    13 ||    17
       Blink             |     3 |     4 ||     7
       Mephitic Cloud    |       |     4 ||     4
  Use: Scroll            |       |     4 ||     4
       Potion            |       |     4 ||     4
 Stab: Distracted        |     1 |     1 ||     2
       Confused          |       |     1 ||     1
  Eat: Chunk             |     1 |     6 ||     7
Armor: Robe              |     6 |    11 ||    17
Dodge: Dodged            |    22 |    46 ||    68
